 Dungeon Crawl Stone Soup version 0.27.1-1-g398f81649c (webtiles) character file.

Game seed: 9802084684308825344

21 chaosape the Chopper (level 2, 0/26 HPs)
             Began as a Gnoll Wanderer on Sept 16, 2021.
             Succumbed to a scorpion's poison
             ... on level 4 of the Dungeon.
             The game lasted 00:02:26 (376 turns).

chaosape the Chopper (Gnoll Wanderer)                Turns: 376, Time: 00:02:27

Health: 0/26       AC:  5    Str:  8    XL:     2   Next: 87%
Magic:  2/2        EV:  9    Int: 10    God:
Gold:   25         SH:  0    Dex: 15    Spells: 2/2 levels left

rFire    . . .     SeeInvis .   a - +2 hand axe
rCold    . . .     Faith    .   (no shield)
rNeg     + . .     Spirit   .   c - +0 ring mail
rPois    .         Reflect  .   (no helmet)
rElec    .         Harm     .   (no cloak)
rCorr    .         Rampage  .   (no gloves)
Will     .....                  (no boots)
Stlth    +.........             (no amulet)
HPRegen  0.08/turn              d - ring of positive energy
MPRegen  0.08/turn              (no ring)

@: lethally poisoned (0 -> -5)
A: fangs 1, strong nose, distributed training
a: no special abilities


You were on level 4 of the Dungeon.
You visited 1 branch of the dungeon, and saw 3 of its levels.

You collected 25 gold pieces.

Inventory:

Hand Weapons
 a - a +2 hand axe (weapon)
Missiles
 e - 39 sling bullets
 i - 13 poisoned darts (quivered)
 l - 21 arrows
Armour
 c - a +0 ring mail (worn)
 k - a +0 chain mail
Jewellery
 d - a ring of positive energy (left hand)
Scrolls
 g - a scroll of fog {unknown}
 h - a scroll of identify {unknown}
Potions
 b - a potion of lignification
 f - 2 potions of magic {unknown}
 j - a potion of curing {unknown}


   Skills:
 + Level 4.5 Fighting
 + Level 0.5 Short Blades
 + Level 0.5 Long Blades
 + Level 6.5 Axes
 + Level 0.5 Maces & Flails
 + Level 0.5 Polearms
 + Level 0.5 Staves
 + Level 0.5 Slings
 + Level 0.5 Bows
 + Level 0.5 Crossbows
 + Level 2.5 Throwing
 + Level 2.5 Armour
 + Level 0.5 Dodging
 + Level 2.3 Stealth
 + Level 0.5 Shields
 + Level 2.5 Unarmed Combat
 + Level 0.5 Spellcasting
 + Level 0.4 Conjurations
 + Level 0.4 Hexes
 + Level 0.4 Summonings
 + Level 0.4 Necromancy
 + Level 0.4 Translocations
 + Level 0.4 Transmutations
 + Level 0.4 Fire Magic
 + Level 0.4 Ice Magic
 + Level 0.4 Air Magic
 + Level 0.4 Earth Magic
 + Level 0.4 Poison Magic
 + Level 0.7 Invocations
 + Level 2.5 Evocations


You had 2 spell levels left.
You didn't know any spells.
Your spell library was empty.

Dungeon Overview and Level Annotations

Branches:
Dungeon (4/15)
 Temple: D:4-7

Altars:
Ru


Innate Abilities, Weirdness & Mutations

You have very sharp teeth.
Your uncanny sense of smell can sniff out nearby items.
Your experience applies equally to all skills.


Message History

The orc hits you with a +0 club.
You hit the orc.
You kill the orc!
No target in view!
Found a stone staircase leading up and a stone staircase leading down.
Items here: )) [ †.
Okay, then.
A goblin comes into view. It is wielding a +0 dagger.
A goblin is nearby!
The goblin shouts!
You miss the goblin. The goblin barely misses you.
You hit the goblin.
The goblin is moderately wounded.
The goblin hits you with a +0 dagger.
You slash the goblin!
You kill the goblin!
No target in view!
e - 39 sling bullets (gained 14)
A howler monkey skeleton comes into view.
There is a stone staircase leading down here.
You see here a +0 dagger.
There is a stone staircase leading down here.
A scorpion comes into view.
A shadow imp comes into view.
A ball python comes into view.
Found 15 arrows.
Found a stone staircase leading down.
The howler monkey skeleton barely misses you.
You hit the howler monkey skeleton.
The howler monkey skeleton is lightly damaged.
The howler monkey skeleton hits you. The scorpion stings you!
You are poisoned.
The scorpion poisons you! The scorpion stings you.
You feel very sick. The howler monkey skeleton hits you.
You feel sick. The scorpion barely misses you.
* * * LOW HITPOINT WARNING * * *
You feel sick. The shadow imp hits you.
* * * LOW HITPOINT WARNING * * *
You die...

........... # ∆
#.........( #.
.......... ... #......#
.#..≈..###.....#
...≈≈≈........#
#..≈..##.Z...# #.
#...###5s..## ... ..##
##.##.@...## ...# #...
#.....>...#
....##..###.........#.#
#...#..##......).....#
#..#..###............#
#.#..##..####.......#
## #.....)..# ......###
.####....#.## #.....#
.......###..# ...#.##


You could see a scorpion, a shadow imp and a howler monkey skeleton.

Vanquished Creatures
  A howler monkey skeleton (D:4)
  An orc (D:4)
  2 endoplasms
  2 goblins (D:4)
  A ball python (D:2)
  A quokka skeleton (D:4)
  2 rats (D:1)
10 creatures vanquished.

Notes
Turn   | Place    | Note
-------+----------+-------------------------------------------
     0 | D:1      | chaosape the Gnoll Wanderer began the quest for the Orb.
     0 | D:1      | chaosape set off with the following items: a +2 hand axe, a
                  | potion of lignification, a +0 ring mail
     0 | D:1      | Reached XP level 1. HP: 20/20 MP: 1/1
    30 | D:1      | You fall into a shaft and drop 1 floor!
   226 | D:2      | You fall into a shaft and drop 2 floors!
   234 | D:4      | Reached XP level 2. HP: 26/26 MP: 2/2
   322 | D:4      | Found a sacrificial altar of Ru.
   367 | D:4      | Noticed a scorpion
   375 | D:4      | HP: 1/26 [shadow imp (5)]
   376 | D:4      | Succumbed to a scorpion's poison

Illustrated notes

Levels and vault maps discovered:
D:1:      onia_arrival_handbag, layout_loops_cross, serial_shops,
          nicolae_shop_overgrown_old_shop
D:2:      layout_loops_cross, basic_altar
D:4:      layout_cave_pools, nicolae_wu_jian_glorious_leap,
          nicolae_ru_path_of_blood, amcnicky_mini_pool_small

Action                   || total
-------------------------++-------
Melee: Hand axe          ||    24
       Bite              ||     2
 Stab: Sleeping          ||     1
Armor: Ring mail         ||     3
Dodge: Dodged            ||    11
